 Dungeon Crawl Stone Soup version 0.30.1-9-gdf580d7c3d (webtiles) character file.

Game seed: 10295752118990449961

71605 KittyFluff the Peltast (level 15, 0/74 HPs)
             Began as a Gargoyle Berserker on Oct 7, 2023.
             Was a High Priest of Trog.
             Slain by a starcursed mass (5 damage)
             ... on level 3 of the Abyss.
             The game lasted 02:04:56 (22252 turns).

KittyFluff the Peltast (Gargoyle Berserker)        Turns: 22252, Time: 02:04:57

Health: 0/74       AC: 32    Str: 22    XL:     15   Next: 37%
Magic:  12/12      EV: 21    Int: 10    God:    Trog [*****.]
Gold:   1914       SH: 18    Dex:  9    Spells: 14/14 levels left

rFire   x x .        b - +0 demon whip (elec)
rCold   + . .        f - +0 tower shield
rNeg    + + .        Y - +2 scale mail {Will+}
rPois   ∞            Q - +1 hat of Stoicism {rC+ rN+ Str-4 SInv}
rElec   +            r - +2 cloak
rCorr   .            e - +0 pair of gloves
SInv    +            M - +2 pair of boots {Fly}
Will    ++...        u - amulet of regeneration Stlth
                     U - +5 ring of evasion
HPRegen 1.12/turn    L - +5 ring of evasion
MPRegen 0.13/turn

%: random rage (9%)
@: about to teleport, on berserk cooldown, flying, slowed, very slow
A: sickness immunity, AC +11, big wings, negative energy resistance 1,
electricity resistance, torment resistance 1, petrification resistance, [berserk
2], [frail 2], [low MP 2], [screaming 2], [heat vulnerability 2]
a: Renounce Religion, Berserk, Trog's Hand, Brothers in Arms


You were on level 3 of the Abyss.
You worshipped Trog.
Trog was extremely pleased with you.
You visited 2 branches of the dungeon, and saw 19 of its levels.
You visited the Abyss 1 time.
You also visited: Sewer, Gauntlet and Ice Cave.

You collected 2426 gold pieces.
You spent 512 gold pieces at shops.

Inventory:

Hand Weapons
 a - a +3 morningstar of freezing
 b - a +0 demon whip of electrocution (weapon)
 p - a +0 sling
Missiles
 i - 18 poisoned darts (quivered)
 E - 6 boomerangs
 K - 7 atropa-tipped darts
 O - 6 curare-tipped darts
 Z - 12 javelins
Armour
 e - a +0 pair of gloves (worn)
 f - a +0 tower shield (worn)
 r - a +2 cloak (worn)
 C - +0 acid dragon scales
 M - a +2 pair of boots of flying (worn)
 Q - the +1 hat of Stoicism (worn) {rC+ rN+ Str-4 SInv}
   (You acquired it on level 1 of the Lair of Beasts)

   Str:       It affects your strength (-4).
   rC:        It protects you from cold.
   rN:        It protects you from negative energy.
   SInv:      It lets you see invisible.
 Y - a +2 scale mail of willpower (worn)
Jewellery
 u - an amulet of regeneration (around neck)
 v - a ring of willpower
 L - a +5 ring of evasion (right hand)
 U - a +5 ring of evasion (left hand)
Wands
 c - a wand of quicksilver (8)
 F - a wand of flame (37)
 S - a wand of mindburst (13)
 T - a wand of polymorph (9)
 W - a wand of roots (7)
Scrolls
 g - 4 scrolls of blinking
 h - 3 scrolls of fog {unknown}
 j - 6 scrolls of enchant armour
 l - 5 scrolls of enchant weapon {unknown}
 m - a scroll of vulnerability {unknown}
 o - 3 scrolls of immolation {unknown}
 q - 3 scrolls of noise {unknown}
 s - 6 scrolls of teleportation
 y - 3 scrolls of magic mapping {unknown}
 D - 3 scrolls of fear
 G - 4 scrolls of poison
 J - a scroll of torment
 R - 2 scrolls of silence
Potions
 d - 16 potions of curing
 k - a potion of ambrosia {unknown}
 n - 3 potions of invisibility
 t - 2 potions of flight {unknown}
 w - 3 potions of might
 x - 3 potions of heal wounds
 z - 2 potions of cancellation {unknown}
 A - a potion of brilliance {unknown}
 H - 3 potions of berserk rage {unknown}
 I - a potion of resistance
 N - 6 potions of attraction
 P - 5 potions of mutation
Miscellaneous
 B - a phial of floods
 V - a box of beasts
 X - a phantom mirror


   Skills:
 + Level 10.8 Fighting
 * Level 13.5 Maces & Flails
 + Level 12.9 Armour
 + Level 7.9 Dodging
 + Level 16.5 Shields
 + Level 5.7 Evocations


You had 14 spell levels left.
You didn't know any spells.
Your spell library was empty.

Dungeon Overview and Level Annotations

Branches:
Dungeon (14/15)            Temple (0/1) D:4            Lair (5/5) D:10
  Snake (0/4) Lair:2        Slime (0/5) Lair:4          Orc (0/2) D:12
  Sewer (visited)           IceCv (visited)         Gauntlet (visited)
  Swamp: Lair:2-3    Shoals: Lair:2-3    Vaults: D:13-14

Altars:
Ashenzari
Dithmenos
Elyvilon
Ru
Trog
Xom

Shops:
D:4 !   D:7 :   D:11 [(=   D:12 :   D:13 ?

Annotations:
Lair:4 2 transporters, laqueoix's ghost, journeyman DECj


Innate Abilities, Weirdness & Mutations

You are immune to sickness and miasma.
Your stone body is resilient. (AC +11)
You are immune to poison.
Your large and strong wings let you fly.
You resist negative energy. (rN+)
You are resistant to electric shocks. (rElec)
You are resistant to unholy torment.
You are immune to petrification.
[You have an uncontrollable temper.]
[You are very frail. (-20% HP)]
[Your magical capacity is very low. (-20% MP)]
[You frequently scream uncontrollably at your foes.]
[You are very vulnerable to heat. (rF--)]


Message History

A starcursed mass splits.
You block the large abomination's attack.
You whack the large abomination!
Lightning courses through the large abomination!
The large abomination is almost destroyed.
A starcursed mass splits.
A chorus of shrieks assaults your mind.
The large abomination hits you but does no damage.
You hit the large abomination.
The large abomination is almost destroyed.
A starcursed mass splits.
A chorus of shrieks assaults your mind.
You block the large abomination's attack.
You thrash the large abomination!!
Lightning courses through the large abomination!!
You destroy the large abomination!
Trog accepts your kill.
A starcursed mass splits.
A chorus of shrieks assaults your mind.
* * * LOW HITPOINT WARNING * * *
A starcursed mass splits.
As you read the scroll of teleportation, it crumbles to dust.
You feel strangely unstable.
You feel the power of the Abyss delaying your translocation!
You feel better.
A deafening chorus of shrieks assaults your mind!
* * * LOW HITPOINT WARNING * * *
You suddenly lose the ability to move!
You can move again.
The starcursed mass attacks as you move away!
You block the starcursed mass's attack.
A starcursed mass splits.
The starcursed mass completely misses you.
The starcursed mass touches you.
* * * LOW HITPOINT WARNING * * *
A deafening chorus of shrieks assaults your mind!
* * * LOW HITPOINT WARNING * * *
You shrug off the repeated paralysis!
The starcursed mass attacks as you move away!
The starcursed mass touches you.
You die...

.... . #
..§v...#
#X.v.. #X##
## #XX#
#..###X#
#...X#
#.#.#X#
#.#.@#
#.##..#
#..#....#
#.......#
..#......#
####.#....#
##......
.....##


You could see 7 starcursed masses.

Vanquished Creatures
  A sphinx (D:14)
  A minotaur (Gauntlet)
  An ettin (D:14)
  A fire dragon (Lair:5)
  6 hydras
  2 catoblepae
  A rakshasa (D:14)
  A ghost crab (Gauntlet)
  6 boulder beetles
  6 centaur warriors
  8 two-headed ogres
  2 tengu warriors
  Urug (D:11)
  3 large abominations (Abyss:3)
  2 skysharks
  A wretched star (Abyss:3)
  5 skeletal warriors (D:14)
  A death drake (shapeshifter) (D:14)
  A swamp dragon (shapeshifter) (D:14)
  A bog body (IceCv)
  2 wizards (D:14)
  A lindwurm (Lair:5)
  A necromancer (IceCv)
  A mana viper (shapeshifter) (D:13)
  2 ugly things
  An oklob plant (Gauntlet)
  A manticore (D:13)
  A salamander (Lair:2)
  3 cyclopes
  2 ice statues (IceCv)
  3 black mambas
  2 molten gargoyles (Lair:5)
  7 cane toads
  A kobold demonologist (D:10)
  8 komodo dragons
  2 tengu conjurers
  3 unseen horrors (D:10)
  4 rime drakes
  An efreet (D:13)
  A minotaur zombie (Gauntlet)
  8 ice devils
  An ancient zyme (Abyss:3)
  4 polar bears
  3 meliai (D:14)
  3 trolls
  8 dream sheep
  3 slime creatures
  A centaur simulacrum (D:14)
  3 spriggans (Lair:2)
  A vampire (D:11)
  3 shadows
  10 humans (D:14)
  8 wyverns
  2 dire elephant simulacra (IceCv)
  2 wraiths
  47 yaks
  9 basilisks
  2 steam dragons
  Grum (Lair:1)
  A death yak simulacrum (IceCv)
  9 vampire mosquitoes
  4 harpy simulacra (IceCv)
  An acid dragon (Gauntlet)
  3 hell hounds (Lair:5)
  4 hydra simulacra (IceCv)
  7 water moccasins
  2 black bears
  2 ice beasts
  An ogre (D:5)
  5 orc warriors
  3 sky beasts (D:6)
  3 wolves (Lair:1)
  2 centaurs
  3 phantoms
  A kobold brigand (D:7)
  A gnoll sergeant (D:11)
  9 bullfrogs
  A scorpion (D:6)
  A two-headed ogre simulacrum (IceCv)
  A cane toad simulacrum (IceCv)
  15 wights
  A troll zombie (D:12)
  4 killer bees
  2 electric eels (D:10)
  3 howler monkeys
  5 lava snakes (Lair:5)
  4 orc priests
  2 hounds
  7 jellies
  2 gnoll boudas
  An iguana (D:6)
  5 orc wizards
  A sleepcap (D:6)
  A polar bear simulacrum (IceCv)
  A spriggan simulacrum (IceCv)
  5 ogre zombies (D:12)
  20 gnolls
  8 adders
  A river rat (Sewer)
  A naga simulacrum (IceCv)
  2 shadow imps
  2 white imps
  An ufetubus (D:7)
  4 worms
  3 dart slugs
  16 orcs
  2 bats
  21 endoplasms
  6 giant cockroaches
  7 goblins
  6 hobgoblins
  3 quokkas
  8 ball pythons
  13 frilled lizards
  3 goblin skeletons (D:12)
  A goblin zombie (D:12)
  A hobgoblin zombie (D:12)
  12 kobolds
  An orc skeleton (D:12)
  13 orc zombies (D:12)
  8 rats
503 creatures vanquished.

Vanquished Creatures (others)
  A hell hound (Lair:5)
  2 orc wizards
  8 foxfires (Abyss:3)
11 creatures vanquished.

Grand Total: 514 creatures vanquished

Notes
Turn   | Place    | Note
-------+----------+-------------------------------------------
     0 | D:1      | KittyFluff the Gargoyle Berserker began the quest for the
                  | Orb.
     0 | D:1      | Reached XP level 1. HP: 14/14 MP: 1/1
   225 | D:1      | Reached XP level 2. HP: 19/19 MP: 2/2
  1167 | D:2      | Reached XP level 3. HP: 23/23 MP: 3/3
  1245 | D:2      | Reached ** piety under Trog
  1261 | D:2      | Found a bloodstained altar of Trog.
  1370 | D:2      | Reached XP level 4. HP: 17/29 MP: 4/4
  1517 | D:2      | Reached skill level 1 in Shields
  2165 | D:3      | Found a faded altar of an unknown god.
  2322 | D:3      | Reached XP level 5. HP: 28/33 MP: 5/5
  2701 | D:4      | Found a glowing drain.
  2744 | Sewer    | Entered a sewer
  2788 | Sewer    | Reached *** piety under Trog
  2925 | Sewer    | Reached XP level 6. HP: 27/38 MP: 6/6
  2997 | Sewer    | Reached skill level 2 in Shields
  3015 | Sewer    | Found a viscous altar of Jiyva.
  3162 | D:4      | Found Ceuxti's Distillery.
  3179 | D:4      | Bought a potion of degeneration for 12 gold pieces
  3620 | D:4      | Found a broken altar of Ashenzari.
  3620 | D:4      | Found a shimmering altar of Xom.
  3624 | D:4      | Reached **** piety under Trog
  3636 | D:4      | Found a bloodstained altar of Trog.
  3639 | D:4      | Found a white marble altar of Elyvilon.
  3640 | D:4      | Found a sacrificial altar of Ru.
  3787 | D:4      | Found a staircase to the Ecumenical Temple.
  3827 | D:5      | Entered Level 5 of the Dungeon
  3834 | D:5      | Reached skill level 13 in Shields
  3834 | D:5      | Reached XP level 7. HP: 43/43 MP: 7/7
  4014 | D:5      | Reached XP level 8. HP: 48/48 MP: 8/8
  4593 | D:6      | Reached skill level 5 in Maces & Flails
  4740 | D:6      | Reached skill level 5 in Armour
  5051 | D:6      | Reached XP level 9. HP: 52/52 MP: 9/9
  5903 | D:7      | Found Geowke's Tiny Tomes.
  6037 | D:8      | Found a shadowy altar of Dithmenos.
  6101 | D:8      | Reached skill level 5 in Fighting
  6238 | D:8      | Reached ***** piety under Trog
  6797 | D:8      | Reached XP level 10. HP: 59/59 MP: 10/10
  6904 | D:8      | Reached skill level 14 in Shields
  8087 | D:9      | Received a gift from Trog
  8231 | D:10     | Entered Level 10 of the Dungeon
  8713 | D:10     | Noticed an unseen horror
  8715 | D:10     | Killed an unseen horror
  8802 | D:10     | Noticed a seven-headed hydra
  8810 | D:10     | Killed a seven-headed hydra
  8811 | D:10     | Reached XP level 11. HP: 27/64 MP: 11/11
  8869 | D:10     | Identified the +6 arbalest of the Warrior-Mage {elec,
                  | *Corrode rC+ Int+6 Stlth+}
  8999 | D:10     | Noticed a two-headed ogre
  9017 | D:10     | Killed a two-headed ogre
  9137 | D:10     | Noticed a centaur warrior
  9157 | D:10     | Killed a centaur warrior
  9249 | D:10     | Found a staircase to the Lair.
  9761 | D:11     | Noticed a cyclops
  9762 | D:11     | Noticed a two-headed ogre
  9854 | D:11     | Found Aruasuy's Antique Weapon Boutique.
  9859 | D:11     | Noticed a two-headed ogre
  9887 | D:11     | Killed a two-headed ogre
 10224 | D:11     | Found Nocighav's Antique Armour Emporium.
 10246 | D:11     | Found a gate leading to a gauntlet.
 10267 | D:11     | Killed a two-headed ogre
 10278 | Gauntlet | Entered a Gauntlet
 10278 | Gauntlet | Noticed a tengu warrior
 10278 | Gauntlet | Found a transporter.
 10278 | Gauntlet | Found a transporter.
 10289 | Gauntlet | Noticed a catoblepas
 10292 | Gauntlet | Found a transporter.
 10292 | Gauntlet | Found a transporter.
 10300 | Gauntlet | Found a transporter.
 10342 | Gauntlet | Found a transporter.
 10362 | Gauntlet | Found a transporter.
 10378 | Gauntlet | Found a transporter.
 10408 | Gauntlet | Noticed a ghost crab
 10479 | Gauntlet | Found a transporter.
 10497 | Gauntlet | Found a transporter.
 10516 | Gauntlet | Noticed an oklob plant
 10519 | Gauntlet | Found a transporter.
 10531 | Gauntlet | Found a transporter.
 10566 | Gauntlet | Noticed a fire crab
 10647 | Gauntlet | Noticed an oklob plant
 10648 | Gauntlet | Found a transporter.
 10652 | Gauntlet | Found a transporter.
 10657 | Gauntlet | Found a transporter.
 10657 | Gauntlet | Found a transporter.
 10784 | Gauntlet | Killed a tengu warrior
 11011 | Gauntlet | Killed an oklob plant
 11087 | Gauntlet | Noticed a spectral bunyip
 11098 | Gauntlet | Killed a ghost crab
 11099 | Gauntlet | Reached skill level 5 in Dodging
 11099 | Gauntlet | Reached XP level 12. HP: 31/72 MP: 12/12
 11155 | Gauntlet | Identified the +0 helmet "Jycoh" {Int+2}
 11204 | Gauntlet | Identified the +4 ring mail of Mysticism {Int+7}
 11204 | Gauntlet | Noticed a minotaur
 11226 | Gauntlet | Killed a minotaur
 11408 | Lair:1   | Entered Level 1 of the Lair of Beasts
 11499 | Lair:1   | Noticed Grum
 11555 | Lair:1   | Reached skill level 10 in Armour
 11563 | Lair:1   | Killed Grum
 11647 | Lair:1   | Noticed a skyshark
 11690 | Lair:1   | Killed a skyshark
 11838 | Lair:1   | Found a frozen archway.
 11947 | IceCv    | Entered an ice cave
 12099 | IceCv    | Reached skill level 15 in Shields
 12301 | IceCv    | Reached skill level 10 in Maces & Flails
 12788 | Lair:1   | Identified a scroll of acquirement
 12796 | Lair:1   | Acquired the +1 hat of Stoicism {rC+ rN+ Str-4 SInv}
 13132 | Lair:2   | Noticed an eight-headed hydra
 13148 | Lair:2   | Killed an eight-headed hydra
 13239 | Lair:2   | Reached XP level 13. HP: 78/78 MP: 13/13
 13347 | Lair:2   | Reached skill level 1 in Evocations
 13829 | Lair:2   | Found a staircase to the Snake Pit.
 13895 | Lair:2   | Identified the +2 leather armour of Mumblety Peg {Will+
                  | MP+9 Str-2 Dex+6}
 14974 | Lair:4   | Found a staircase to the Slime Pits.
 15142 | Lair:4   | Found a transporter.
 15189 | Lair:4   | Found a transporter.
 15235 | Lair:4   | Noticed laqueoix's ghost (journeyman DECj)
 15723 | Lair:5   | Entered Level 5 of the Lair of Beasts
 16309 | Lair:5   | Identified the +2 flail "Bidiug" {flame, *Corrode rC+++
                  | Int+5}
 16638 | Lair:5   | Gained mutation: Your large and strong wings let you fly.
                  | [Gargoyle growth]
 16638 | Lair:5   | Reached XP level 14. HP: 82/86 MP: 14/14
 16964 | Lair:5   | Found a large runed translucent door.
 16964 | Lair:5   | Found a large runed translucent door.
 17609 | D:11     | Bought a runed demon whip for 468 gold pieces
 17788 | D:11     | Found Eron's Jewellery Shop.
 17919 | D:11     | Found a sacrificial altar of Ru.
 18037 | D:11     | Noticed Urug
 18050 | D:11     | Killed Urug
 18742 | D:12     | Found a staircase to the Orcish Mines.
 19043 | D:12     | Received a gift from Trog
 19384 | D:12     | Found Han Nepo's Self-Improvement Boutique.
 19568 | D:13     | Reached skill level 10 in Fighting
 19568 | D:13     | Reached skill level 16 in Shields
 19712 | D:13     | Found Deces's Magic Scroll Emporium.
 19721 | D:13     | Bought a scroll of identify for 32 gold pieces
 20062 | D:13     | Acquired 997 gold pieces
 21078 | D:14     | Reached skill level 5 in Evocations
 21311 | D:14     | Reached XP level 15. HP: 93/93 MP: 15/15
 21794 | D:14     | Noticed a sphinx
 21837 | D:14     | Killed a sphinx
 21990 | D:14     | Identified the +1 ring mail "Coug Wol" {rC- rCorr Dex-4
                  | Stlth+}
 22130 | Abyss:3  | Cast into level 3 of the Abyss (a wizard)
 22249 | Abyss:3  | Paralysed by accursed screaming for 1 turns
 22252 | Abyss:3  | Slain by a starcursed mass

Illustrated notes

Levels and vault maps discovered:
D:1:      dpeg_arrival_rooms_b, layout_loops_ring, kennysheep_another_room,
          minmay_misc_feat_secret_circle, minivault_5
D:2:      layout_loops_corners, basic_altar, kennysheep_generic_room_12
D:3:      layout_loops_cross, shapermc_ecumenical_altar_notcrosses
D:4:      layout_basic, chequers_temple_overflow_minitemple,
          minmay_temple_entry_hall, serial_rivers,
          chequers_serial_rivers_micro_e, chequers_serial_rivers_micro_a,
          chequers_serial_rivers_micro_b, chequers_serial_rivers_micro_c,
          chequers_serial_rivers_micro_d, cheibrodos_sewer_entry_drain,
          serial_shops, nicolae_shop_tiny_statue_garden
D:5:      layout_basic, hangedman_abyss_or_decor_passed
D:6:      layout_basic, minmay_misc_feat_plants
D:7:      layout_loops_ring, nicolae_shop_i_like_small_books_too,
          grunt_decor_resistance
D:8:      layout_basic, nicolae_dithmenos_shadow_blocks
D:9:      layout_basic
D:10:     layout_basic, grunt_lair_entry_orc_guard_hut, serial_park_tiny_pond,
          kennysheep_just_a_vault
D:11:     layout_layer_cave, serial_shops, nicolae_shop_just_a_little_nook,
          nicolae_shop_gaudy_bauble, shop, gauntlet_entry_generic,
          nicolae_ru_great_annihilating_truth, uniq_urug
D:12:     layout_long_grid, zombieorc1_lemuel, chequers_serial_rivers_micro_a,
          st_stairs_11, nicolae_shop_self_help
D:13:     layout_irregular_city, serial_shops, shop
D:14:     nzn_winding_woodlands_three_and_one
          [nzn_winding_woodlands_5x15_sidewinder,
          nzn_winding_woodlands_5x15_jagged, nzn_winding_woodlands_5x15_pool,
          nzn_winding_woodlands_center_garden], layout_stronghold,
          grunt_vaults_entry_tiered,
          ploomutoo_gammafunk_ghost_potion_laboratory, uniq_kirke
Lair:1:   layout_roguey, portal_ice_cave_demonic_guard, uniq_grum
Lair:2:   layout_roguey, nicolae_snake_entry_warm_welcome, wad_woods_02
Lair:3:   layout_hall_layers, elwin_shoals_entry_rooms, grunt_megastairs_3,
          infiniplex_staircase_pool_2
Lair:4:   layout_roguey, dpeg_slime_entry_enclosed, nzn_ghost_randoct,
          lemuel_fruit_tree
Lair:5:   cheibrodos_lair_end_hotspot, layout_cellular_growth
Abyss:3:  base: Lair:1, evilmike_abyss_exit_15, evilmike_abyss_exit_chaos

Skill      XL: |  1  2  3  4  5  6  7  8  9 10 11 12 13 14 |
---------------+-------------------------------------------+-----
Armour         | 3 4 5 6 7 9 11 12 | 12.9
Dodging        | 2 3 4 5 6 7 |  7.9
Shields        | 1 13 14 15 16 | 16.5
Maces & Flails | 4 5 6 7 9 10 11 13 | 13.5
Fighting       | 4 5 6 7 8 9 10 | 10.8
Evocations     | 3 5 |  5.7

Action                     |  1- 3 |  4- 6 |  7- 9 | 10-12 | 13-15 || total
---------------------------+-------+-------+-------+-------+-------++-------
  Melee: Mace              |    84 |   232 |   536 |  1113 |  1217 ||  3182
         Punch             |     2 |       |       |       |       ||     2
         Morningstar       |       |       |       |   143 |       ||   143
         Demon whip        |       |       |       |       |   951 ||   951
   Fire: Sling             |       |       |       |     3 |       ||     3
  Throw: Dart              |       |       |       |     3 |       ||     3
 Invoke: Berserk           |       |       |     1 |    13 |     5 ||    19
    Use: Scroll            |       |     6 |     3 |     4 |    11 ||    24
         Potion            |       |     1 |       |       |     2 ||     3
   Stab: Sleeping          |       |     1 |       |       |       ||     1
         Paralysed         |       |       |       |       |     1 ||     1
 Armour: Animal skin       |     3 |       |       |       |       ||     3
         Leather armour    |    31 |   118 |   172 |       |       ||   321
         Steam dragon scal |       |       |    12 |   352 |       ||   364
         Acid dragon scale |       |       |       |   211 |   263 ||   474
         Scale mail        |       |       |       |       |   147 ||   147
  Dodge: Dodged            |    45 |    93 |   116 |   652 |   860 ||  1766
  Block: Tower shield      |       |   111 |   438 |  1040 |  1525 ||  3114
